 Dungeon Crawl Stone Soup version 0.16-a0-3218-g9b393b2 (console) character file.

294 Fusha the Caller (level 6, -1/44 HPs)
             Began as a Demonspawn Summoner on Dec 20, 2014.
             Killed by nerve-wracking pain
             ... invoked by an orc priest
              (4 damage)
             ... on level 3 of the Dungeon.
             The game lasted 00:15:04 (3444 turns).

Fusha the Caller (Demonspawn Summoner)              Turns: 3444, Time: 00:15:05

Health: -1/44      AC:  5    Str:  9    XL:     6   Next: 11%
Magic:  11/11      EV: 15    Int: 18    God:
Gold:   174        SH:  0    Dex: 13    Spells: 2 memorised, 7 levels left

rFire  . . .     SeeInvis .     l - +1 spear (venom)
rCold  . . .     Clarity  .     a - +0 robe
rNeg   . . .     SustAb   .     (no shield)
rPois  .         Gourm    .     i - +0 helmet
rElec  .         Spirit   .     n - +1 cloak
rCorr  .         Warding  .     (no gloves)
rMut   .         Stasis   .     (no boots)
MR     .....                    q - amulet of rage
Stlth  ++........               (no ring)
                                (no ring)

@: not resistant to hostile enchantments, unstealthy
A: hooves 1, repulsion field 1, powered by pain 1, rot immunity
a: Evoke Berserk Rage


You were on level 3 of the Dungeon.
You were hungry.

You visited 1 branch of the dungeon, and saw 3 of its levels.

You collected 174 gold pieces.

Inventory:

Hand weapons
 e - a +0 dagger
 f - a +0 hunting sling
 l - a +1 spear of venom (weapon)
Missiles
 d - 74 stones (quivered)
 g - 20 sling bullets
Armour
 a - a +0 robe (worn)
 i - a +0 helmet (worn)
 n - a +1 cloak (worn)
Jewellery
 q - an amulet of rage (around neck)
Scrolls
 j - 2 scrolls of noise {unknown}
 s - a scroll of identify {unknown}
Potions
 h - 2 potions of flight {unknown}
 p - a potion of resistance {unknown}
 r - a potion of restore abilities {unknown}
Books
 b - a book of Callings

   Spells                             Type                      Level
   a - Summon Small Mammal            Summoning                    1
   b - Call Imp                       Summoning                    2
   c - Call Canine Familiar           Summoning                    3
   d - Summon Guardian Golem          Hexes/Summoning              4
   e - Summon Lightning Spire         Summoning/Air                4
   f - Summon Ice Beast               Ice/Summoning                4
Comestibles
 c - 2 bread rations
 k - a beef jerky
 o - a meat ration


   Skills:
 + Level 2.1 Fighting
 * Level 2.0 Polearms
 + Level 2.9 Dodging
 - Level 1.7 Stealth
 + Level 2.6 Spellcasting
 * Level 5.5 Summonings


You had 7 spell levels left.
You knew the following spells:

 Your Spells              Type           Power        Failure   Level  Hunger
a - Summon Small Mammal   Summ           ###.         1%          1    #......
b - Call Imp              Summ           ###.....     2%          2    ##.....


Dungeon Overview and Level Annotations

Branches:
Dungeon (3/15)

Altars:
Ashenzari
Cheibriados
Gozag
Kikubaaqudgha
Qazlal
Xom


Innate Abilities, Weirdness & Mutations

You have large cloven feet.
You are surrounded by a mild repulsion field (EV +2).
You sometimes gain a little power by taking damage.
You are immune to rotting.


Message History

You closely miss the orc priest.
You kick the orc priest, but do no damage.
The orc priest barely misses you.
You closely miss the orc priest. Your kick misses the orc priest.
The orc priest closely misses you.
You hit the orc priest.
The orc priest is poisoned.
You kick the orc priest, but do no damage.
The orc priest is moderately wounded.
The orc priest calls down the wrath of Beogh upon you.
Something smites you!
* * * LOW HITPOINT WARNING * * *
You are too injured to fight recklessly!
You are too injured to fight recklessly!
You are feeling hungry.
You hit the orc priest.
The orc priest looks even sicker.
You kick the orc priest, but do no damage.
The orc priest is heavily wounded.
The orc priest calls down the wrath of Beogh upon you.
Pain shoots through your body!
You die...

#### ##### ##...##...##
##..........## ######
#!...........# ##...#.
#.....o@)....# ##......
#............# #....(..
##..........#####.......
##.........).....).....
################......
##).... ##..... ##......
############.......


You could see an orc priest.

Vanquished Creatures
  2 orc wizards (D:3)
  Natasha (twice) (D:3 D:2)
  Jessica (D:3)
  Terence (D:3)
  7 adders
  A worm (D:2)
  A giant gecko (D:2)
  7 orcs
  A bat skeleton (D:3)
  A bat zombie (D:3)
  6 giant cockroaches
  4 goblins
  3 hobgoblins
  8 jackals
  5 kobolds
  A quokka (D:2)
  4 bats
  4 giant newts
  7 rats
  2 rat zombies (D:3)
68 creatures vanquished.

Vanquished Creatures (collateral kills)
  Ijyb (D:1)
  Robin (D:2)
  3 adders (D:2)
  A giant cockroach (D:2)
  3 hobgoblins (D:2)
  10 goblins (D:2)
  3 kobolds (D:2)
  2 rats (D:2)
24 creatures vanquished.

Vanquished Creatures (others)
  A goblin (D:3)
1 creature vanquished.

Grand Total: 93 creatures vanquished

Notes
Turn   | Place    | Note
--------------------------------------------------------------
     0 | D:1      | Fusha, the Demonspawn Summoner, began the quest for the Orb.
     0 | D:1      | Reached XP level 1. HP: 13/13 MP: 3/3
   629 | D:1      | Gained mutation: You are surrounded by a mild repulsion field (EV +2). [demonic ancestry]
   629 | D:1      | Reached XP level 2. HP: 17/19 MP: 4/4
   961 | D:1      | Learned a level 2 spell: Call Imp
   979 | D:2      | Noticed Ijyb
   998 | D:1      | Killed Ijyb
  1311 | D:2      | Gained mutation: You are immune to rotting. [demonic ancestry]
  1311 | D:2      | Reached XP level 3. HP: 6/25 MP: 3/6
  1473 | D:2      | Reached skill level 1 in Fighting
  1740 | D:2      | Noticed Robin
  1751 | D:2      | Killed Robin
  2017 | D:2      | Reached XP level 4. HP: 32/32 MP: 7/7
  2310 | D:3      | Noticed Jessica
  2333 | D:3      | Found a stormy altar of Qazlal.
  2333 | D:3      | Noticed Natasha
  2456 | D:3      | Killed Natasha
  2456 | D:3      | Reached skill level 1 in Polearms
  2456 | D:3      | Reached skill level 5 in Summonings
  2456 | D:3      | Gained mutation: You sometimes gain a little power by taking damage. [demonic ancestry]
  2456 | D:3      | Reached XP level 5. HP: 21/38 MP: 9/9
  2569 | D:3      | Noticed Natasha
  2663 | D:2      | Killed Natasha
  2741 | D:3      | Killed Jessica
  2785 | D:3      | Found a shattered altar of Ashenzari.
  2786 | D:3      | Found a snail-covered altar of Cheibriados.
  2789 | D:3      | Found a shimmering altar of Xom.
  2792 | D:3      | Found an opulent altar of Gozag.
  2862 | D:3      | Found an ancient bone altar of Kikubaaqudgha.
  2898 | D:3      | Noticed Terence
  2907 | D:3      | Killed Terence
  3244 | D:3      | Gained mutation: You have large cloven feet. [demonic ancestry]
  3244 | D:3      | Reached XP level 6. HP: 13/44 MP: 11/11
  3444 | D:3      | Killed from afar by an orc priest

Action                   |  1- 3 |  4- 6 || total
-------------------------+-------+-------++-------
Melee: Dagger            |   136 |       ||   136
       Unarmed           |     7 |       ||     7
       Spear             |    15 |   149 ||   164
 Fire: Hunting sling     |    31 |       ||    31
 Cast: Call Imp          |    13 |       ||    13
 Stab: Sleeping          |     1 |     1 ||     2
       Distracted        |     2 |     1 ||     3
  Eat: Chunk             |     4 |     5 ||     9
